 Seeded DCSS version 0.31-a0-844-gdc52ec4e09 (webtiles) character file.

Game seed: 4650116273386822121 (custom seed)

90 qw the Shooter (level 4, -5/28 HPs)
             Began as a Gargoyle Hunter on Sept 28, 2023.
             Slain by an orc
             ... wielding a +0 mace
              (6 damage)
             ... on level 3 of the Dungeon.
             The game lasted 00:00:43 (1735 turns).

qw the Shooter (Gargoyle Hunter)                    Turns: 1735, Time: 00:00:43

Health: -5/28      AC:  8    Str: 14    XL:     4   Next: 56%
Magic:  4/4        EV: 15    Int: 10    God:
Gold:   170        SH:  0    Dex: 15    Spells: 3/3 levels left

rFire   . . .        Y - +0 shortbow (drain)
rCold   . . .        (shield currently unavailable)
rNeg    + . .        b - +0 ring mail
rPois   inf          (no helmet)
rElec   +            (no cloak)
rCorr   .            (no gloves)
SInv    .            (no boots)
Will    .....        l - amulet of regeneration Stlth
                     f - +5 ring of evasion
HPRegen 1.04/turn    (no ring)
MPRegen 0.09/turn

%: no passive effects
@: confused
A: sickness immunity, AC +3, negative energy resistance 1, electricity
resistance, torment resistance 1, petrification resistance
a: no special abilities


You were on level 3 of the Dungeon.
You visited 1 branch of the dungeon, and saw 3 of its levels.

You collected 170 gold pieces.


Innate Abilities, Weirdness & Mutations

You are immune to sickness and miasma.
Your stone body is resilient. (AC +3)
You are immune to poison.
You resist negative energy. (rN+)
You are resistant to electric shocks. (rElec)
You are resistant to unholy torment.
You are immune to petrification.


   Skills:
 - Level 3.0 Fighting
 + Level 5.4 Ranged Weapons
 - Level 1.0 Armour
 - Level 1.5 Dodging
 - Level 1.1 Stealth


You had 3 spell levels left.
You didn't know any spells.
Your spell library was empty.

Inventory:

Hand Weapons
 Y - a +0 shortbow of draining (weapon)
Armour
 b - a +0 ring mail (worn)
Jewellery
 f - a +5 ring of evasion (left hand)
 l - an amulet of regeneration (around neck)
Scrolls
 e - a scroll of poison {unknown}
 g - 2 scrolls of identify
 k - a scroll of fog {unknown}
Potions
 a - a potion of haste
 c - a potion of might {unknown}
 d - a potion of curing {unknown}
 h - a potion of lignification {unknown}
 i - 2 potions of heal wounds {unknown}
 j - a potion of ambrosia {unknown}

Dungeon Overview and Level Annotations

Branches:
Dungeon (3/15)

Altars:
Dithmenos
Hepliaklqana

Shops:
D:2 (


Message History

An orc comes into view. It is wielding a +0 mace.
You shoot an arrow. The arrow barely misses the orc.
The orc wizard points at you and mumbles some strange words.
You are confused.
The orc barely misses you. The orc hits you with a +0 mace.
The orc wizard points at you and mumbles some strange words.
You are more confused.
The orc hits you but does no damage.
The orc wizard gestures at you while chanting.
You are more confused.
The orc hits you but does no damage. The orc wizard closely misses you.
The orc hits you but does no damage. The orc wizard completely misses you.
The orc barely misses you.
The orc wizard hits you but does no damage.
The orc barely misses you.
The orc wizard points at you and mumbles some strange words.
The magic dart hits you! The orc closely misses you.
The orc wizard hits you but does no damage.
The orc barely misses you.
The orc wizard hits you but does no damage.
The orc misses you.
The orc wizard hits you but does no damage.
The orc hits you with a +0 mace.
The orc wizard points at you and mumbles some strange words.
The magic dart hits you. The orc hits you with a +0 mace.
The orc wizard closely misses you. The orc completely misses you.
The orc wizard points at you and mumbles some strange words.
The magic dart hits you. The orc hits you with a +0 mace.
You hear the brisk rusting of a drain very nearby.
The orc wizard barely misses you. The orc hits you with a +0 mace.
The orc wizard hits you with a +0 dagger.
The orc hits you with a +0 mace. The orc wizard casts a spell at you.
The magic dart hits you but does no damage.
The orc closely misses you. The orc wizard barely misses you.
The orc closely misses you.
The orc wizard hits you with a +0 dagger.
The orc hits you with a +0 mace.
You die...

## ##### ###### #...# #.....
######### #.#.# #..... #.......#
#.#.# #..### #.###.####.#.# .
#..# ####.##.........# ).. #..###
.......######.#####...######.....
........<......o@oo..............
####.#.######.#####...#######.###
###.# .....# .##### #.# #
#.###.##.#.# .......#.###
######.##.. %.#.# ..........##
........#..####[# .###.####...
#######.......#.#####.# ###~~##+.
#####.#...#.#.....#.# +~~~~~~#.
#.....#........<#.#.# +~~~~~%#.


You could see an orc wizard (very drained) and 2 orcs.

Vanquished Creatures
  A river rat (D:3)
  2 adders
  A worm (D:3)
  2 dart slugs
  An orc (D:3)
  9 endoplasms
  4 giant cockroaches
  2 goblins
  3 hobgoblins (D:1)
  4 kobolds
  5 quokkas
  6 ball pythons
  5 bats
  2 frilled lizards
  3 rats
50 creatures vanquished.

Notes
Turn   | Place    | Note
-------+----------+-------------------------------------------
     0 | D:1      | qw the Gargoyle Hunter began the quest for the Orb.
     0 | D:1      | Reached XP level 1. HP: 12/12 MP: 1/1
     0 | D:1      | 0 ||| qw: Version: 0.3-a-94-gcd2660c
     0 | D:1      | 0 ||| qw: Game counter: 43
     0 | D:1      | 0 ||| qw: Melee chars always use a shield: true
     0 | D:1      | 0 ||| qw: God list: Okawaru
     0 | D:1      | 0 ||| qw: Allow faded altars: false
     0 | D:1      | 0 ||| qw: Do Orc after clearing Dungeon:15 true
     0 | D:1      | 0 ||| qw: Do second Lair branch before Depths: true
     0 | D:1      | 0 ||| qw: Lair rune preference: random
     0 | D:1      | 0 ||| qw: Goals: Normal, Save, Zot:1-4, Win
     0 | D:1      | 0 ||| PLANNING D:1-11
    59 | D:1      | Reached XP level 2. HP: 17/17 MP: 2/2
   222 | D:1      | Reached XP level 3. HP: 21/21 MP: 3/3
   253 | D:1      | Reached skill level 5 in Ranged Weapons
   578 | D:1      | 578 ||| UPGRADING to +5 ring of evasion.
   579 | D:1      | 579 ||| READING scroll labelled LAEHI BEGGOAT.
   580 | D:1      | 580 ||| READING scroll labelled VOLOR SAGATOHE.
   581 | D:1      | 581 ||| READING 2 scrolls labelled CINGURYQO.
   582 | D:1      | 582 ||| READING scroll labelled MYUHAFU AG VUH.
   598 | D:1      | 598 ||| DROPPING scroll of butterflies.
   739 | D:2      | Reached skill level 3 in Fighting
   905 | D:2      | Found Likharch's Antique Weapon Boutique.
  1027 | D:2      | Found a shadowy altar of Dithmenos.
  1273 | D:2      | 1273 ||| UPGRADING to +0 ring mail.
  1283 | D:2      | 1283 ||| DROPPING +0 leather armour.
  1284 | D:2      | 1284 ||| UPGRADING to amulet of regeneration.
  1289 | D:2      | 1289 ||| READING scroll labelled CYDAUWIASM.
  1290 | D:2      | 1290 ||| READING scroll labelled LOUXEU DEVVOUQ.
  1293 | D:2      | 1293 ||| DRINKING 2 smoky green potions.
  1330 | D:3      | 1330 ||| PLANNING SEWER
  1365 | D:3      | Reached skill level 1 in Armour
  1365 | D:3      | Reached XP level 4. HP: 28/28 MP: 4/4
  1575 | D:3      | Found a hazy altar of Hepliaklqana.
  1730 | D:3      | HP: 6/28 [orc/+0 mace (5)]
  1732 | D:3      | HP: 1/28 [orc/+0 mace (3)]
  1735 | D:3      | Slain by an orc

Levels and vault maps discovered:
D:1:      moated_graveyard_arrival, layout_basic, st_stairs_12, minmay_3d_cube
D:2:      layout_loops_cross, serial_shops, nicolae_lakefront_shop, basic_altar,
          ebering_dispersal_statue_hall
D:3:      layout_basic, lemuel_coloured_pillars_altar, gup_sewer_entry_bowl

Skill      XL: |  1  2  3 |
---------------+----------+-----
Ranged Weapons | 5 |  5.4
Fighting       | 3 |  3.0
Armour         | 1 |  1.0
Dodging        | |  1.5
Stealth        | |  1.1

Action                     |  1- 3 |  4- 6 || total
---------------------------+-------+-------++-------
   Fire: Shortbow          |   102 |    29 ||   131
    Use: Scroll            |     6 |       ||     6
         Potion            |     1 |       ||     1
 Armour: Leather armour    |    23 |       ||    23
         Ring mail         |       |    23 ||    23
  Dodge: Dodged            |    26 |    22 ||    48

Table legend:
 A = Non-vault XP
 B = Vault XP
 C = Vault XP percentage of total XP
 D = Non-vault monster count
 E = Vault monster count
 F = Vault count percentage of total count
                 A         B        C        D         E       F
            +---------+---------+-------+---------+---------+-------
      Total |      92 |      37 |  28.7 |      39 |      11 |  22.0
            +---------+---------+-------+---------+---------+-------
        D:1 |      36 |      14 |  28.0 |      22 |       7 |  24.1
        D:2 |      28 |       0 |   0.0 |       8 |       0 |   0.0
        D:3 |      28 |      23 |  45.1 |       9 |       4 |  30.8
            +---------+---------+-------+---------+---------+-------
